[ AOE2 MATCH · #485432599 ]
Team RMPersians vs Tatars
[ REPLAY ANALYSIS · EXTRACTED FROM THE RECORDED GAME ]
Feudal
8:51
Castle
19:48
Imperial
—
| APM avg | 32.0 |
| APM peak | 88 |
| eAPM avg | 11.8 |
| Villagers / military | 46 / 14 |
Focus
⚔️ 30.2% · 🌾 69.8%
Knight ×11 · Scout Cavalry ×3
Feudal
—
Castle
—
Imperial
—
| APM avg | 38.8 |
| APM peak | 96 |
| eAPM avg | 18.0 |
| Villagers / military | 40 / 32 |
Focus
⚔️ 30.9% · 🌾 69.1%
Archer ×32
Feudal
10:05
Castle
23:19
Imperial
—
| APM avg | 35.4 |
| APM peak | 71 |
| eAPM avg | 17.1 |
| Villagers / military | 39 / 13 |
Focus
⚔️ 20.5% · 🌾 79.5%
Archer ×10 · Spearman ×2 · Militia ×1
Feudal
10:40
Castle
21:44
Imperial
—
| APM avg | 26.2 |
| APM peak | 53 |
| eAPM avg | 13.9 |
| Villagers / military | 50 / 11 |
Focus
⚔️ 24.8% · 🌾 75.2%
Spearman ×8 · Scout Cavalry ×3
Match map
Initial resources + every placement click. Lines = walls · curves = elevation contours. ◆ gold · ⬟ stone · ● berries · ✦ relic · ◌ wall gap
Your base· ✓ Closed at 19:48 · 55t walls · no gate
OPI Sonet's base· ✓ Closed at 19:56 · 21t walls · no gate
Ozymandias's base· ✓ Closed at 23:19 · 47t walls · 1 gate(s)
TL#RitterBruder's base· Open — opponent sealed themselves in
Smoothed initial terrain · ◌ = detected wall gap · hover for details
Inputs per minute
— DS_Gitano Urbano - - OPI Sonet
Build order — DS_Gitano Urbano
126 actions detected in the replay
| 0:00 | Create | Villager (Male) ×5 |
| 0:02 | Build | House |
| 0:04 | Build | House |
| 1:25 | Create | Villager (Male) |
| 1:47 | Build | Lumber Camp |
| 2:03 | Create | Villager (Male) |
| 2:19 | Create | Villager (Male) |
| 2:45 | Create | Villager (Male) |
| 2:53 | Build | House |
| 2:54 | Build | House |
| 3:03 | Create | Villager (Male) |
| 3:25 | Create | Villager (Male) |
| 3:34 | Build | Mill |
| 3:55 | Create | Villager (Male) |
| 4:00 | Build | Palisade Wall |
| 4:05 | Build | Palisade Wall |
| 4:28 | Create | Villager (Male) |
| 4:29 | Create | Villager (Male) |
| 4:54 | Create | Villager (Male) |
| 5:23 | Create | Villager (Male) |
| 5:28 | Research | Loom |
| 6:09 | Build | Mill |
| 6:42 | Research | Feudal Age |
| 7:59 | Build | Barracks |
| 8:06 | Build | Palisade Wall |
| 8:29 | Create | Villager (Male) |
| 8:29 | Create | Villager (Male) |
| 8:51 | Age | Feudal Age |
| 9:06 | Build | Stable |
| 9:15 | Create | Villager (Male) |
| 9:33 | Create | Scout Cavalry |
| 9:33 | Create | Scout Cavalry |
| 9:33 | Create | Scout Cavalry |
| 9:48 | Research | Double-Bit Axe |
| 9:52 | Research | Horse Collar |
| 9:54 | Create | Villager (Male) |
| 10:04 | Build | House |
| 10:07 | Build | House |
| 10:11 | Create | Villager (Male) |
| 10:15 | Build | House |
| 10:18 | Create | Villager (Male) |
| 10:40 | Create | Villager (Male) |
| 10:44 | Build | Lumber Camp |
| 10:46 | Build | House |
| 10:57 | Build | Farm |
| 11:15 | Build | House |
| 11:25 | Build | Farm |
| 11:29 | Create | Villager (Male) |
| 11:47 | Build | Farm |
| 11:53 | Build | Farm |
| 11:59 | Build | House |
| 12:04 | Build | Palisade Wall |
| 12:11 | Build | Palisade Wall |
| 12:12 | Create | Villager (Male) |
| 12:20 | Build | House |
| 12:23 | Build | Palisade Wall |
| 12:28 | Create | Villager (Male) |
| 12:30 | Build | Farm |
| 12:35 | Build | Farm |
| 12:38 | Build | Farm |
| 12:48 | Create | Villager (Male) |
| 12:57 | Create | Villager (Male) |
| 13:25 | Build | Farm |
| 13:25 | Build | Farm |
| 13:25 | Build | Farm |
| 13:26 | Build | Farm |
| 13:30 | Build | Farm |
| 13:38 | Create | Villager (Male) |
| 13:42 | Build | Mining Camp |
| 13:46 | Create | Villager (Male) |
| 14:15 | Build | Blacksmith |
| 14:17 | Create | Villager (Male) |
| 14:40 | Create | Villager (Male) |
| 14:53 | Research | Wheelbarrow |
| 15:34 | Build | Farm |
| 15:34 | Build | Farm |
| 15:42 | Build | Farm |
| 16:02 | Create | Villager (Male) |
| 16:36 | Create | Villager (Male) |
| 16:56 | Build | Market |
| 17:00 | Create | Villager (Male) |
| 17:21 | Research | Castle Age |
| 17:29 | Research | Gold Mining |
| 17:33 | Build | Farm |
| 18:13 | Research | Bloodlines |
| 18:32 | Build | Stable |
| 18:49 | Build | Stable |
| 19:07 | Research | Forging |
| 19:27 | Build | Lumber Camp |
| 19:41 | Create | Villager (Male) |
| 19:41 | Create | Villager (Male) |
| 19:48 | Age | Castle Age |
| 19:52 | Research | Husbandry |
| 20:04 | Research | Iron Casting |
| 20:05 | Create | Knight |
| 20:05 | Create | Knight |
| 20:18 | Build | Farm |
| 20:19 | Build | Farm |
| 20:19 | Build | Farm |
| 20:23 | Research | Heavy Plow |
| 20:35 | Create | Villager (Male) |
| 20:45 | Create | Knight |
| 20:47 | Create | Knight |
| 20:56 | Create | Knight |
| 21:03 | Build | Farm |
| 21:07 | Build | Farm |
| 21:17 | Create | Villager (Male) |
| 21:28 | Research | Bow Saw |
| 21:46 | Build | House |
| 21:49 | Build | Palisade Gate |
| 21:52 | Create | Knight |
| 21:56 | Create | Villager (Male) |
| 22:03 | Create | Knight |
| 22:06 | Create | Villager (Male) |
| 22:10 | Build | Farm |
| 22:28 | Create | Knight ×2 |
| 22:50 | Create | Knight |
| 22:52 | Create | Villager (Male) |
| 23:14 | Create | Knight |
| 23:15 | Create | Villager (Male) |
| 23:16 | Create | Villager (Male) |
| 23:17 | Create | Villager (Male) |
| 23:18 | Create | Villager (Male) |
| 23:56 | Research | Scale Barding Armor |
| 23:59 | Research | Hand Cart |
| 24:08 | Build | Lumber Camp |
Build order — OPI Sonet
135 actions detected in the replay
| 0:00 | Create | Villager (Male) |
| 0:01 | Create | Villager (Male) |
| 0:02 | Build | House |
| 0:02 | Build | House |
| 0:24 | Create | Villager (Male) |
| 0:24 | Create | Villager (Male) |
| 1:06 | Create | Villager (Male) |
| 1:06 | Create | Villager (Male) |
| 1:53 | Build | Lumber Camp |
| 1:59 | Create | Villager (Male) |
| 2:29 | Create | Villager (Male) |
| 2:57 | Create | Villager (Male) |
| 3:23 | Create | Villager (Male) |
| 3:26 | Build | House |
| 3:40 | Create | Villager (Male) |
| 4:00 | Build | Mill |
| 4:14 | Create | Villager (Male) |
| 4:40 | Create | Villager (Male) |
| 5:11 | Create | Villager (Male) |
| 5:19 | Create | Villager (Male) |
| 6:01 | Create | Villager (Male) |
| 6:25 | Create | Villager (Male) |
| 6:42 | Build | Mill |
| 7:00 | Research | Loom |
| 7:10 | Research | Feudal Age |
| 7:16 | Build | Lumber Camp |
| 7:51 | Create | Villager (Male) |
| 7:51 | Create | Villager (Male) |
| 8:38 | Build | House |
| 8:47 | Build | Barracks |
| 9:03 | Build | Palisade Wall |
| 9:38 | Build | Archery Range |
| 10:11 | Build | House |
| 10:17 | Create | Archer |
| 10:22 | Create | Villager (Male) |
| 10:32 | Build | Palisade Wall |
| 10:33 | Build | Palisade Wall |
| 10:42 | Create | Archer |
| 10:47 | Build | Archery Range |
| 10:51 | Create | Villager (Male) |
| 10:56 | Build | Palisade Wall |
| 10:57 | Build | Palisade Wall |
| 11:04 | Research | Double-Bit Axe |
| 11:09 | Create | Villager (Male) |
| 11:18 | Create | Archer |
| 11:28 | Create | Archer |
| 11:38 | Create | Archer |
| 11:55 | Create | Villager (Male) |
| 12:04 | Build | House |
| 12:22 | Build | Blacksmith |
| 12:23 | Build | House |
| 12:29 | Create | Archer |
| 12:34 | Build | House |
| 12:38 | Create | Villager (Male) |
| 12:53 | Build | Mining Camp |
| 13:05 | Create | Villager (Male) |
| 13:07 | Create | Archer |
| 13:21 | Build | Palisade Wall |
| 13:30 | Create | Villager (Male) |
| 13:37 | Build | Palisade Wall |
| 13:40 | Build | Palisade Wall |
| 13:52 | Create | Villager (Male) |
| 13:53 | Create | Archer |
| 13:59 | Research | Fletching |
| 14:06 | Build | Palisade Wall |
| 14:15 | Build | Farm |
| 14:15 | Build | Farm |
| 14:15 | Build | Farm |
| 14:16 | Build | Farm |
| 14:20 | Create | Archer |
| 14:29 | Create | Villager (Male) |
| 14:32 | Create | Archer |
| 14:50 | Create | Villager (Male) |
| 14:56 | Create | Archer |
| 15:17 | Build | Farm |
| 15:17 | Build | Farm |
| 15:19 | Create | Archer |
| 15:25 | Create | Villager (Male) |
| 15:34 | Create | Villager (Male) |
| 15:40 | Build | House |
| 15:42 | Build | House |
| 16:05 | Build | Farm |
| 16:05 | Build | Farm |
| 16:05 | Build | Farm |
| 16:05 | Build | Farm |
| 16:05 | Build | Farm |
| 16:06 | Build | Farm |
| 16:06 | Build | Farm |
| 16:14 | Create | Archer |
| 16:15 | Create | Archer |
| 16:42 | Create | Archer |
| 16:43 | Create | Villager (Male) |
| 16:46 | Build | Farm |
| 16:50 | Build | House |
| 17:00 | Create | Villager (Male) |
| 17:04 | Build | Farm |
| 17:27 | Create | Archer |
| 17:27 | Create | Archer |
| 17:45 | Create | Villager (Male) |
| 17:47 | Build | Farm |
| 17:47 | Build | Farm |
| 17:51 | Build | Lumber Camp |
| 18:18 | Create | Villager (Male) |
| 18:24 | Create | Archer |
| 18:24 | Create | Archer |
| 18:25 | Create | Villager (Male) |
| 18:45 | Create | Villager (Male) |
| 18:52 | Build | Farm |
| 18:55 | Create | Archer |
| 18:56 | Create | Archer |
| 19:17 | Create | Archer |
| 19:29 | Create | Villager (Male) |
| 19:38 | Create | Archer |
| 19:38 | Create | Archer |
| 19:56 | Research | Castle Age |
| 19:56 | Research | Castle Age |
| 20:14 | Create | Archer |
| 20:56 | Research | Padded Archer Armor |
| 20:58 | Create | Archer |
| 20:58 | Create | Archer |
| 21:04 | Create | Villager (Male) |
| 21:13 | Build | House |
| 21:15 | Build | House |
| 21:22 | Create | Archer |
| 21:59 | Create | Archer |
| 22:06 | Research | Gold Mining |
| 22:42 | Research | Crossbowman (upgrade) |
| 22:43 | Research | Bodkin Arrow |
| 23:01 | Research | Wheelbarrow |
| 23:08 | Create | Archer |
| 23:16 | Build | Town Center |
| 23:18 | Create | Villager (Male) |
| 23:27 | Create | Archer |
| 23:29 | Research | Thumb Ring |
| 23:51 | Create | Archer |
Build order — Ozymandias
102 actions detected in the replay
| 0:01 | Create | Villager (Male) ×4 |
| 0:02 | Create | Villager (Male) ×4 |
| 0:04 | Build | House |
| 0:06 | Build | House |
| 1:29 | Create | Villager (Male) |
| 1:29 | Create | Villager (Male) |
| 1:52 | Build | Lumber Camp |
| 1:53 | Create | Villager (Male) |
| 2:18 | Create | Villager (Male) |
| 2:18 | Create | Villager (Male) |
| 2:33 | Create | Villager (Male) |
| 2:59 | Create | Villager (Male) |
| 3:18 | Create | Villager (Male) |
| 3:41 | Create | Villager (Male) |
| 4:08 | Build | House |
| 4:17 | Build | Mill |
| 4:18 | Create | Villager (Male) |
| 4:18 | Create | Villager (Male) |
| 4:51 | Create | Villager (Male) |
| 5:09 | Create | Villager (Male) |
| 5:26 | Create | Villager (Male) |
| 5:26 | Create | Villager (Male) |
| 5:31 | Create | Villager (Male) |
| 6:25 | Build | House |
| 6:38 | Build | House |
| 7:00 | Create | Villager (Male) |
| 7:55 | Research | Feudal Age |
| 7:56 | Research | Feudal Age |
| 8:07 | Build | Mill |
| 8:25 | Build | Mining Camp |
| 8:44 | Build | Palisade Wall |
| 9:05 | Build | Palisade Wall |
| 9:09 | Create | Villager (Male) |
| 9:27 | Build | Palisade Wall |
| 9:31 | Build | Palisade Wall |
| 9:51 | Build | Barracks |
| 10:05 | Age | Feudal Age |
| 10:10 | Research | Double-Bit Axe |
| 10:17 | Create | Villager (Male) |
| 10:34 | Build | Palisade Wall |
| 10:42 | Build | House |
| 10:45 | Create | Villager (Male) |
| 10:49 | Create | Spearman |
| 11:04 | Create | Villager (Male) |
| 11:30 | Build | Archery Range |
| 11:32 | Create | Villager (Male) |
| 11:35 | Create | Villager (Male) |
| 11:48 | Build | House |
| 11:50 | Build | Palisade Wall |
| 11:54 | Create | Villager (Male) |
| 12:14 | Create | Villager (Male) |
| 12:25 | Research | Horse Collar |
| 12:41 | Build | Lumber Camp |
| 12:44 | Create | Villager (Male) |
| 12:50 | Build | House |
| 13:10 | Create | Villager (Male) |
| 13:18 | Create | Villager (Male) |
| 13:25 | Create | Archer |
| 13:26 | Create | Archer |
| 13:30 | Build | Palisade Wall |
| 13:40 | Build | Farm |
| 13:47 | Build | Farm |
| 13:56 | Build | Palisade Wall |
| 14:12 | Create | Spearman |
| 14:13 | Create | Militia |
| 14:15 | Create | Villager (Male) |
| 14:19 | Build | Farm |
| 14:19 | Build | Farm |
| 14:19 | Build | Farm |
| 14:19 | Build | Farm |
| 14:20 | Build | Farm |
| 14:20 | Build | Farm |
| 14:31 | Create | Archer |
| 14:44 | Build | Palisade Gate |
| 14:48 | Create | Archer |
| 14:49 | Create | Villager (Male) |
| 14:58 | Build | Farm |
| 15:21 | Build | House |
| 15:28 | Build | House |
| 15:35 | Research | Loom |
| 15:40 | Build | Farm |
| 15:49 | Create | Archer |
| 16:04 | Build | House |
| 16:34 | Build | Watch Tower |
| 16:49 | Build | Market |
| 16:53 | Build | House |
| 17:08 | Build | Blacksmith |
| 17:10 | Build | House |
| 17:40 | Create | Villager (Male) |
| 19:02 | Create | Archer |
| 19:02 | Create | Archer |
| 19:02 | Create | Archer |
| 19:47 | Create | Archer |
| 20:29 | Create | Archer |
| 20:30 | Research | Fletching |
| 20:30 | Research | Fletching |
| 20:32 | Research | Padded Archer Armor |
| 20:39 | Research | Castle Age |
| 20:39 | Research | Castle Age |
| 20:39 | Research | Castle Age |
| 22:11 | Build | Mining Camp |
| 23:19 | Age | Castle Age |
Build order — TL#RitterBruder
119 actions detected in the replay
| 0:01 | Create | Villager (Male) ×4 |
| 0:01 | Create | Villager (Male) ×4 |
| 0:03 | Build | House |
| 0:04 | Build | House |
| 1:25 | Create | Villager (Male) |
| 1:26 | Create | Villager (Male) |
| 1:56 | Build | Lumber Camp |
| 1:58 | Create | Villager (Male) |
| 2:21 | Create | Villager (Male) |
| 2:21 | Create | Villager (Male) |
| 2:54 | Create | Villager (Male) |
| 2:54 | Create | Villager (Male) |
| 3:01 | Create | Villager (Male) |
| 3:01 | Create | Villager (Male) |
| 3:47 | Create | Villager (Male) |
| 3:48 | Create | Villager (Male) |
| 4:04 | Create | Villager (Male) |
| 4:05 | Create | Villager (Male) |
| 4:36 | Create | Villager (Male) |
| 4:37 | Create | Villager (Male) |
| 4:37 | Create | Villager (Male) |
| 4:37 | Create | Villager (Male) |
| 4:41 | Research | Loom |
| 4:43 | Build | House |
| 4:51 | Create | Villager (Male) |
| 4:53 | Create | Villager (Male) |
| 5:06 | Create | Villager (Male) |
| 5:06 | Create | Villager (Male) |
| 5:35 | Build | Mill |
| 6:10 | Build | House |
| 6:17 | Create | Villager (Male) |
| 6:27 | Build | Palisade Wall |
| 6:38 | Build | Palisade Wall |
| 6:43 | Create | Villager (Male) |
| 6:54 | Build | Palisade Wall |
| 7:13 | Create | Villager (Male) |
| 7:16 | Build | Palisade Wall |
| 7:32 | Create | Villager (Male) |
| 7:42 | Build | Palisade Wall |
| 8:05 | Create | Villager (Male) |
| 8:20 | Build | Palisade Wall |
| 8:29 | Research | Feudal Age |
| 8:30 | Research | Feudal Age |
| 8:52 | Build | Barracks |
| 9:16 | Build | Palisade Wall |
| 10:02 | Build | House |
| 10:40 | Age | Feudal Age |
| 10:42 | Create | Villager (Male) |
| 10:50 | Build | Stable |
| 10:58 | Create | Villager (Male) |
| 11:23 | Create | Spearman |
| 11:31 | Research | Double-Bit Axe |
| 11:31 | Research | Double-Bit Axe |
| 11:46 | Create | Villager (Male) |
| 11:59 | Create | Villager (Male) |
| 12:11 | Create | Scout Cavalry |
| 12:11 | Create | Scout Cavalry |
| 12:18 | Build | House |
| 12:24 | Build | Mining Camp |
| 12:28 | Create | Spearman |
| 12:35 | Create | Villager (Male) |
| 13:07 | Create | Villager (Male) |
| 13:15 | Build | Farm |
| 13:15 | Build | Farm |
| 13:16 | Build | Farm |
| 13:16 | Build | Farm |
| 13:27 | Create | Villager (Male) |
| 13:31 | Build | Farm |
| 13:41 | Build | Farm |
| 13:57 | Create | Villager (Male) |
| 14:01 | Build | House |
| 14:26 | Create | Villager (Male) |
| 14:33 | Build | Farm |
| 14:35 | Build | Farm |
| 14:37 | Build | Farm |
| 14:44 | Build | House |
| 14:52 | Build | House |
| 14:58 | Build | Farm |
| 15:01 | Build | Farm |
| 15:02 | Build | Farm |
| 15:02 | Build | Farm |
| 15:15 | Build | House |
| 15:17 | Create | Villager (Male) |
| 15:20 | Build | Farm |
| 15:33 | Build | Lumber Camp |
| 15:35 | Create | Villager (Male) |
| 15:57 | Build | Farm |
| 15:59 | Create | Scout Cavalry |
| 16:19 | Create | Villager (Male) |
| 16:42 | Build | Farm |
| 16:45 | Build | Farm |
| 16:46 | Create | Villager (Male) |
| 16:48 | Build | Farm |
| 17:16 | Create | Villager (Male) |
| 17:17 | Build | Farm |
| 17:22 | Build | Stable |
| 18:19 | Create | Villager (Male) |
| 18:36 | Build | Blacksmith |
| 18:44 | Research | Bloodlines |
| 18:44 | Research | Bloodlines |
| 19:04 | Research | Castle Age |
| 19:04 | Research | Castle Age |
| 19:04 | Research | Castle Age |
| 19:16 | Create | Villager (Male) |
| 19:34 | Research | Scale Barding Armor |
| 19:34 | Research | Scale Barding Armor |
| 20:02 | Create | Spearman |
| 20:32 | Research | Forging |
| 20:34 | Create | Spearman |
| 21:05 | Create | Spearman |
| 21:24 | Create | Spearman |
| 21:43 | Create | Spearman |
| 21:44 | Age | Castle Age |
| 21:47 | Build | Town Center |
| 21:51 | Research | Horse Collar |
| 21:54 | Research | Pikeman (upgrade) |
| 21:56 | Research | Scale Mail Armor |
| 21:57 | Research | Scale Mail Armor |
| 22:52 | Create | Spearman |
Match timeline
| 4:00 | DS_Gitano Urbano · wall_segment Palisade Wall x1 |
| 4:05 | DS_Gitano Urbano · wall_segment Palisade Wall x1 |
| 6:27 | TL#RitterBruder · wall_segment Palisade Wall x4 |
| 6:38 | TL#RitterBruder · wall_segment Palisade Wall x11 |
| 6:54 | TL#RitterBruder · wall_segment Palisade Wall x1 |
| 7:16 | TL#RitterBruder · wall_segment Palisade Wall x4 |
| 7:42 | TL#RitterBruder · wall_segment Palisade Wall x21 |
| 7:59 | DS_Gitano Urbano · first_building Barracks |
| 8:06 | DS_Gitano Urbano · wall_segment Palisade Wall x1 |
| 8:20 | TL#RitterBruder · wall_segment Palisade Wall x5 |
| 8:44 | Ozymandias · wall_segment Palisade Wall x2 |
| 8:47 | OPI Sonet · first_building Barracks |
| 8:51 | DS_Gitano Urbano · age_up feudal |
| 8:52 | TL#RitterBruder · first_building Barracks |
| 9:03 | OPI Sonet · wall_segment Palisade Wall x1 |
| 9:05 | Ozymandias · wall_segment Palisade Wall x10 |
| 9:06 | DS_Gitano Urbano · first_building Stable |
| 9:16 | TL#RitterBruder · wall_segment Palisade Wall x7 |
| 9:27 | Ozymandias · wall_segment Palisade Wall x6 |
| 9:31 | Ozymandias · wall_segment Palisade Wall x13 |
| 9:38 | OPI Sonet · first_building Archery Range |
| 9:51 | Ozymandias · first_building Barracks |
| 10:05 | Ozymandias · age_up feudal |
| 10:32 | OPI Sonet · wall_segment Palisade Wall x1 |
| 10:33 | OPI Sonet · wall_segment Palisade Wall x1 |
| 10:34 | Ozymandias · wall_segment Palisade Wall x5 |
| 10:40 | TL#RitterBruder · age_up feudal |
| 10:50 | TL#RitterBruder · first_building Stable |
| 10:56 | OPI Sonet · wall_segment Palisade Wall x1 |
| 10:57 | OPI Sonet · wall_segment Palisade Wall x2 |
| 11:30 | Ozymandias · first_building Archery Range |
| 11:50 | Ozymandias · wall_segment Palisade Wall x1 |
| 12:04 | DS_Gitano Urbano · wall_segment Palisade Wall x4 |
| 12:11 | DS_Gitano Urbano · wall_segment Palisade Wall x35 |
| 12:23 | DS_Gitano Urbano · wall_segment Palisade Wall x13 |
| 13:21 | OPI Sonet · wall_segment Palisade Wall x1 |
| 13:30 | Ozymandias · wall_segment Palisade Wall x6 |
| 13:37 | OPI Sonet · wall_segment Palisade Wall x6 |
| 13:40 | OPI Sonet · wall_segment Palisade Wall x7 |
| 13:56 | Ozymandias · wall_segment Palisade Wall x4 |
| 14:06 | OPI Sonet · wall_segment Palisade Wall x1 |
| 19:48 | DS_Gitano Urbano · age_up castle |
| 21:44 | TL#RitterBruder · age_up castle |
| 23:19 | Ozymandias · age_up castle |
| 23:32 | TL#RitterBruder · resign |
[ AI ANALYSIS · 1 CREDIT ]
What really happened in this match?
Wolo.gg analyzes every decision: build order, eco, micro, common mistakes by bracket. Personalized analysis on WhatsApp or Discord in 30 seconds.
Civ guide
Persians
Map guide
Arabia
Perfil
Jugador #352739